 Dungeon Crawl Stone Soup version 0.20.1-1-g8b1a95d (webtiles) character file.

404 Monsterracer the Insei (level 6, 0/43 HPs)
             Began as a Barachi Transmuter on Sept 16, 2017.
             Was an Initiate of Ashenzari.
             Slain by an orc
             ... wielding a +0 hand axe
              (4 damage)
             ... on level 4 of the Dungeon.
             The game lasted 00:07:37 (5478 turns).

Monsterracer the Insei (Barachi Transmuter)         Turns: 5478, Time: 00:07:38

Health: 0/43       AC:  2    Str: 11    XL:     6   Next: 86%
Magic:  4/9        EV: 20    Int: 15    God:    Ashenzari [......]
Gold:   166        SH:  0    Dex: 18    Spells: 3/9 levels left

rFire    . . .     SeeInvis .     - Unarmed
rCold    . . .     Gourm    .   (shield currently unavailable)
rNeg     + . .     Faith    .   (armour currently unavailable)
rPois    x         Spirit   .   (helmet currently unavailable)
rElec    .         Reflect  .   (cloak currently unavailable)
rCorr    .         Harm     .   (gloves currently unavailable)
MR       .....                  (boots currently unavailable)
Stlth    ++........             (no amulet)
Regen    0.2/turn               g - ring of positive energy (curse)
MPRegen  0.2/turn               (no ring)

@: spider-form, very slightly contaminated
A: +LOS, swims
a: End Transformation, Curse Item, Renounce Religion


You were on level 4 of the Dungeon.
You worshipped Ashenzari.
Ashenzari was noncommittal.
You were very hungry.
You were a venomous arachnid creature.
You visited 1 branch of the dungeon, and saw 4 of its levels.
You also visited: Ossuary.

You collected 166 gold pieces.

Inventory:

Hand Weapons
 s - a cursed -2 short sword
Missiles
 a - 12 arrows
Armour
 f - a cursed +0 pair of gloves (melded)
 n - a cursed +0 animal skin (melded)
 o - a cursed +0 helmet (melded)
 r - a +0 buckler
Jewellery
 g - a cursed ring of positive energy (left front leg)
Wands
 k - a wand of random effects (16/48)
Scrolls
 j - a scroll of blinking
 q - a scroll of remove curse
Potions
 b - a potion of haste
 e - a potion of brilliance
 h - 2 potions of magic
 i - a potion of flight
 m - a potion of agility
 p - 3 potions of heal wounds {unknown}
 t - a potion of mutation {unknown}
 v - a potion of invisibility {unknown}
Books
 c - a book of Changes

   Spells                             Type                      Level
   a - Beastly Appendage              Transmutation                1
   b - Sticks to Snakes               Transmutation                2
   c - Spider Form                    Transmutation/Poison         3
   d - Ice Form                       Ice/Transmutation            4
   e - Blade Hands                    Transmutation                5
Comestibles
 d - 4 bread rations
 l - a royal jelly


   Skills:
 + Level 1.6 Fighting
 + Level 2.2 Dodging
 * Level 6.4 Unarmed Combat
 - Level 2.1 Spellcasting
 * Level 5.3 Transmutations


You had 3 spell levels left.
You knew the following spells:

 Your Spells              Type           Power        Failure   Level  Hunger
a - Beastly Appendage     Tmut           ###...       9%          1    #......
b - Sticks to Snakes      Tmut           ###.....     12%         2    ###....
c - Spider Form           Tmut/Pois      #.........   43%         3    ###....


Dungeon Overview and Level Annotations

Branches:
Dungeon (4/15)             Temple (0/1) D:4

Altars:
Ashenzari
Hepliaklqana
Sif Muna
The Shining One


Innate Abilities, Weirdness & Mutations

Shadows flee at your approach. (+LOS)
You can swim through water.
((You cover ground slowly.))
((You can hop short distances.))


Message History

The orc hits you with a hand axe.
* * * LOW HITPOINT WARNING * * *
Huge Dmg: -7%(-3hp) hp: 14%(6hp)
You feel sick.
Damage: -2%(-1hp) hp: 12%(5hp)
You barely miss the orc. The orc hits you with a hand axe.
* * * LOW HITPOINT WARNING * * *
Damage: -2%(-1hp) hp: 12%(5hp) Unknown command.
You closely miss the orc. You hit the orc.
The orc is poisoned.
The orc is heavily wounded.
You feel sick.
You are no longer poisoned.
The orc closely misses you.
Damage: -2%(-1hp) hp: 10%(4hp)
You completely miss the orc.
The orc is heavily wounded.
The orc hits you with a hand axe.
You die...

#.###...##
#.# o.#
#.# #
###.#
#...#
#####.#.#
#.......#
#.#####o#
#.#...#s#
#.#...#.#
##.#(..#.#
#..##'##.#
#........#
#.##..#.##
#.......#
#######.#
#.#


You could see an orc.

Vanquished Creatures
  A centaur zombie (Ossuary)
  A human zombie (Ossuary)
  2 orc wizards (D:3)
  A worker ant (D:4)
  2 big kobold zombies (Ossuary)
  3 mummies (Ossuary)
  Robin (D:3)
  3 adders (D:3)
  4 gnolls (D:2)
  An ooze (D:1)
  An adder zombie (D:2)
  A worm (D:3)
  2 dart slugs
  4 orcs
  A bat skeleton (D:2)
  A giant cockroach (D:3)
  3 gnoll zombies (Ossuary)
  20 goblins
  11 hobgoblins
  2 jackals (D:1)
  9 kobolds
  A quokka (D:2)
  A ball python (D:3)
  10 bats
  3 frilled lizards
  A hobgoblin zombie (Ossuary)
  A jackal skeleton (D:2)
  A quokka skeleton (D:2)
  2 quokka zombies (D:2)
  7 rats
101 creatures vanquished.

Notes
Turn   | Place    | Note
-------+----------+-------------------------------------------
     0 | D:1      | Monsterracer the Barachi Transmuter began the quest for the Orb.
     0 | D:1      | Reached XP level 1. HP: 15/15 MP: 3/3
   308 | D:1      | Reached XP level 2. HP: 15/21 MP: 3/5
   312 | D:1      | Learned a level 2 spell: Sticks to Snakes
   709 | D:1      | Reached skill level 4 in Unarmed Combat
   827 | D:1      | Reached XP level 3. HP: 21/26 MP: 6/6
   832 | D:1      | Learned a level 3 spell: Spider Form
  1553 | D:2      | Reached XP level 4. HP: 20/32 MP: 3/7
  1554 | D:2      | HP: 14/32 [gnoll/club (6)]
  2181 | D:2      | Found a hazy altar of Hepliaklqana.
  2181 | D:2      | Found a shattered altar of Ashenzari.
  2354 | D:2      | Became a worshipper of Ashenzari the Shackled
  2572 | D:3      | HP: 13/32 [adder (4)]
  2577 | D:3      | HP: 9/32 [poisoned by an adder]
  2578 | D:3      | Reached skill level 5 in Unarmed Combat
  2578 | D:3      | Reached XP level 5. HP: 8/37 MP: 8/8
  2583 | D:3      | HP: 6/37 [poisoned by an adder]
  2591 | D:3      | HP: 4/37 [poisoned by an adder]
  2599 | D:3      | HP: 2/37 [poisoned by an adder]
  3584 | D:3      | Noticed Robin
  3600 | D:3      | Killed Robin
  4031 | D:3      | Found a deep blue altar of Sif Muna.
  4193 | D:3      | HP: 18/37 [something (2)]
  4194 | D:3      | Reached XP level 6. HP: 21/43 MP: 5/9
  4195 | D:3      | Identified Sif Muna's Almanac of Transmigration
  4409 | D:3      | Found a glowing golden altar of the Shining One.
  4681 | D:4      | Found a sand-covered staircase.
  4686 | Ossuary  | Entered an ossuary
  4725 | Ossuary  | HP: 15/43 [mummy (11)]
  4730 | Ossuary  | HP: 16/64 [mummy (6)]
  4732 | Ossuary  | Reached skill level 6 in Unarmed Combat
  5003 | Ossuary  | Reached skill level 5 in Transmutations
  5448 | D:4      | Found a staircase to the Ecumenical Temple.
  5463 | D:4      | HP: 15/43 [orc/hand axe (7)]
  5468 | D:4      | HP: 10/43 [poisoned by a worker ant]
  5475 | D:4      | HP: 5/43 [orc/hand axe (1)]
  5478 | D:4      | Slain by an orc

Skill      XL: |  1  2  3  4  5  6 |
---------------+-------------------+-----
Unarmed Combat | 4 5 6 |  6.4
Transmutations | 3 4 5 |  5.3
Fighting       | |  1.6
Dodging        | |  2.2
Spellcasting   | |  2.1

Action                   |  1- 3 |  4- 6 || total
-------------------------+-------+-------++-------
Melee: Unarmed           |    97 |   294 ||   391
       Kick              |     5 |       ||     5
       Headbutt          |     4 |       ||     4
       Punch             |     1 |     9 ||    10
 Cast: Beastly Appendage |     8 |       ||     8
       Spider Form       |     1 |     5 ||     6
Invok: Curse Item        |       |     2 ||     2
 Abil: Hop               |       |     1 ||     1
  Use: Scroll            |       |    12 ||    12
       Potion            |       |     1 ||     1
  Eat: Chunk             |     3 |    12 ||    15
       Fruit             |       |     1 ||     1
Armor: Robe              |    26 |    34 ||    60
       Animal skin       |       |    20 ||    20
       Skin              |       |     1 ||     1
Dodge: Dodged            |    68 |   172 ||   240
